Map: Galactic Process LE

Players

Fropez - Winner!

  • Race: Protoss Protoss
  • League: Gold
  • Spawn Location: 7:00

Seppuku

  • Race: Zerg Zerg
  • League: Gold
  • Spawn Location: 1:00

VOD

Have the link to the VOD?

Description

Time

  • Played on: Oct. 1, 2016, 6:47 p.m.
  • Length: 13:25
Show
View Real Time Build Order
Export as new Build Order

Fropez Protoss - Winner!

Build Orders: 1 Gate Expand 

Get SALT Encoding   

  12  0:01  Probe (Chrono Boost)  
  13  0:19  Probe (Chrono Boost)  
  13  0:20  Pylon  
  14  0:30  Probe (Chrono Boost)  
  14  0:33  Assimilator  
  15  0:42  Gateway  
  15  0:46  Probe (Chrono Boost)  
  16  0:56  Probe (Chrono Boost)  
  17  1:07  Probe (Chrono Boost)  
  18  1:31  Cybernetics Core  
  18  1:40  Nexus  
  18  1:43  Probe (Chrono Boost)  
  19  1:52  Pylon  
  19  1:56  Assimilator  
  19  2:13  Probe (Chrono Boost)  
  20  2:23  Pylon  
  20  2:24  Mothership Core (Chrono Boost)  
  21  2:33  Warp Gate (Chrono Boost)  
  21  2:41  Adept  
  21  2:42  Probe (Chrono Boost)  
  24  2:53  Probe x2 (Chrono Boost)  
  26  3:03  Probe x2 (Chrono Boost)  
  28  3:05  Pylon  
  28  3:08  Pylon  
  28  3:13  Probe  
  28  3:14  Probe  
  28  3:18  Gateway  
  30  3:25  Probe, Gateway  
  31  3:29  Probe  
  31  3:33  Adept  
  34  3:36  Probe  
  35  3:41  Probe  
  35  3:47  Probe  
  36  3:53  Probe  
  36  3:54  Assimilator  
  38  3:58  Probe  
  38  3:59  Twilight Council  
  39  4:05  Probe  
  40  4:13  Probe  
  41  4:17  Pylon  
  41  4:18  Probe  
  40  4:27  Probe  
  41  4:31  Adept x2  
  41  4:33  Robotics Facility  
  41  4:34  Adept  
  41  4:36  Pylon  
  47  4:43  Probe  
  47  4:44  Probe  
  49  4:55  Pylon, Probe  
  49  4:57  Resonating Glaives (Chrono Boost)  
  50  5:00  Adept x3  
  50  5:01  Probe  
  57  5:08  Probe  
  58  5:21  Adept x3, Probe  
  58  5:23  Probe  
  62  5:56  Adept x2  
  62  5:57  Adept  
  64  6:01  Assimilator  
  64  6:02  Warp Prism  
  64  6:03  Assimilator  
  66  6:05  Probe  
  66  6:07  Probe  
  68  6:18  Gateway  
  68  6:21  Probe, Gateway  
  68  6:23  Gateway  
  68  6:24  Gateway  
  69  6:27  Probe, Gateway  
  69  6:29  Gateway  
  70  6:36  Stalker  
  72  6:40  Adept x2  
  72  6:41  Nexus  
  76  6:49  Pylon  
  76  6:51  Pylon  
  76  7:01  Probe  
  76  7:02  Pylon, Probe  
  76  7:07  Pylon, Immortal  
  82  7:10  Pylon  
  82  7:12  Probe  
  82  7:14  Probe  
  84  7:22  Probe, Forge  
  84  7:25  Adept  
  84  7:26  Adept x4, Probe  
  84  7:29  Adept  
  98  7:47  Adept x6  
  102  8:03  Adept x3  
  106  8:12  Probe  
  100  8:13  Probe  
  100  8:15  Protoss Ground Weapons Level 1 (Chrono Boost)  
  94  8:20  Robotics Facility  
  94  8:21  Immortal  
  94  8:22  Pylon  
  92  8:31  Probe  
  92  8:32  Probe  
  92  8:33  Stalker  
  92  8:34  Stalker  
  98  8:47  Probe, Assimilator  
  99  8:52  Assimilator  
  99  8:53  Probe  
  100  8:58  Charge (Chrono Boost)  
  100  9:20  Stalker x4  
  100  9:21  Stalker x5  
  120  9:28  Immortal  
  122  9:33  Immortal  
  126  10:00  Adept x5  
  126  10:01  Adept x2  
  140  10:07  Pylon  
  122  10:33  Dark Shrine  
  122  10:34  Probe  
  122  10:35  Pylon, Probe, Immortal x2  
  128  10:42  Probe  
  118  10:44  Probe  
  118  10:47  Adept x6  
  118  10:48  Adept x3  
  118  10:49  Probe  
  134  10:52  Probe  
  135  11:03  Protoss Ground Weapons Level 2 (Chrono Boost)  
  135  11:14  Immortal x2  
  139  11:30  Probe  
  139  11:31  Probe  
  139  11:34  Nexus  
  139  11:38  Pylon  
  139  11:39  Probe  
  139  11:41  Pylon, Probe  
  139  11:43  Probe  
  142  11:49  Probe  
  142  11:50  Dark Templar x4  
  142  11:51  Dark Templar x3  
  144  12:30  Stalker  
  144  12:31  Stalker  
  140  12:53  Stalker x2  
  140  12:54  Stalker x2  
  128  13:21  Adept x5  
  128  13:22  Adept x4  
Show
View Real Time Build Order
Export as new Build Order

Seppuku Zerg 

Build Orders: Hatch First 

Get SALT Encoding   

  12  0:00  Drone  
  13  0:08  Drone  
  14  0:19  Overlord  
  14  0:38  Drone x3  
  17  1:08  Spawning Pool, Hatchery  
  17  1:10  Drone  
  16  1:14  Drone  
  17  1:29  Drone  
  17  1:30  Drone  
  19  1:37  Drone  
  20  1:40  Extractor  
  19  1:47  Drone  
  19  1:53  Drone  
  21  2:07  Extractor, Queen  
  22  2:20  Queen  
  22  2:22  Drone x3  
  27  2:37  Zergling x2  
  27  2:38  Overlord  
  27  2:39  Overlord  
  28  2:50  Metabolic Boost  
  28  2:57  Drone x3  
  31  3:00  Drone  
  32  3:18  Roach Warren  
  31  3:24  Drone x6  
  37  3:33  Queen  
  39  3:36  Queen  
  41  3:49  Drone x3  
  41  3:52  Overlord x2  
  44  4:00  Extractor  
  43  4:03  Extractor, Drone x2  
  44  4:15  Lair  
  43  4:37  Spore Crawler  
  42  4:38  Spore Crawler  
  42  4:41  Spore Crawler  
  40  4:48  Drone  
  40  4:49  Drone x5  
  46  4:55  Spore Crawler  
  46  4:57  Spore Crawler, Drone x3  
  47  5:05  Pneumatized Carapace  
  47  5:09  Zergling x2  
  47  5:10  Zergling x2  
  49  5:17  Roach x2  
  46  5:52  Drone x3  
  46  5:53  Drone x6  
  46  5:55  Roach x3  
  59  6:07  Hydralisk Den  
  59  6:10  Evolution Chamber  
  57  6:12  Evolution Chamber  
  56  6:24  Roach  
  56  6:25  Overlord x3  
  58  6:27  Hatchery  
  57  6:37  Muscular Augments  
  57  6:39  Hydralisk  
  59  6:48  Zergling x2  
  59  6:49  Zergling x16  
  68  6:59  Hydralisk x2  
  72  7:03  Overseer  
  72  7:12  Hydralisk  
  72  7:13  Hydralisk x3  
  46  8:28  Drone x3  
  46  8:29  Drone x10  
  59  8:36  Hydralisk x2  
  63  8:46  Drone x2  
  63  8:47  Drone  
  66  9:09  Drone x4  
  71  9:10  Drone x2  
  71  9:15  Hydralisk  
  71  9:16  Hydralisk  
  76  9:26  Zergling x2  
  76  9:27  Zergling x6  
  80  9:33  Zerg Missile Weapons Level 1  
  80  9:49  Lurker Den, Spore Crawler  
  79  9:54  Drone x3  
  79  9:58  Drone  
  79  9:59  Drone x7  
  90  10:05  Spine Crawler  
  46  10:49  Drone  
  45  10:50  Drone x12  
  45  10:54  Drone  
  45  10:55  Drone x3  
  55  11:31  Zergling x4  
  55  11:32  Zergling x16  
  65  11:41  Zergling x12  
  55  12:25  Hydralisk x8  
  55  12:26  Hydralisk x3  
  73  12:41  Zergling x12  
  73  12:57  Zergling x6  
Tags
 
Add a new tag
Caveats
  • Supply blocks, unpowered buildings, or Contaminate may cause inaccurate times.
  • Supply counts are checked every 10 seconds.